 Dungeon Crawl Stone Soup version 0.31-a0-365-gcf821cafb2 (webtiles) character file.

Game seed: 2223197764168086916

2509 lunkers the Martial Artist (level 10, -19/81 HPs)
             Began as a Meteoran Shapeshifter on July 27, 2023.
             Was a Follower of Okawaru.
             Demolished by an ogre
             ... wielding a +0 halberd
              (20 damage)
             ... in a bailey.
             The game lasted 00:08:55 (2208 turns).

lunkers the Martial Artist (Meteoran Shapeshifter)  Turns: 2208, Time: 00:08:55

Health: -19/81     AC: 10    Str: 16    XL:     10   Next: 9%
Magic:  9/11       EV: 15    Int: 12    God:    Okawaru [*.....]
Gold:   161        SH:  5    Dex: 18    Spells: 9/9 levels left

rFire   + .          .
                       - Unarmed
rCold   . . .        (no shield)
rNeg    . . .        e - +3 scale mail {rF+}
rPois   .            (helmet currently unavailable)
rElec   .            (cloak currently unavailable)
rCorr   .            (gloves currently unavailable)
SInv    .            (boots currently unavailable)
Will    +....        o - amulet of reflection
Stlth   +            (no ring)
HPRegen 0.33/turn    (no ring)
MPRegen 0.12/turn

%: reflection
@: beast-form, heroic, glowing, studying Armour
A: beast (slay +2), sense surroundings 2, otherworldly, glowing, explore regen
a: Begin Untransformation, Renounce Religion, Heroism


You were in a bailey.
You worshipped Okawaru.
Okawaru was aware of your devotion.
You were a hulking beast.
You visited 2 branches of the dungeon, and saw 8 of its levels.
You also visited: Bailey.

You collected 161 gold pieces.

Inventory:

Armour
 d - a +0 ring mail of poison resistance
 e - a +3 scale mail of fire resistance (worn)
 j - a +1 pair of gloves
 m - a +0 pair of boots
 n - an orb of guile
Jewellery
 o - an amulet of reflection (around neck)
Talismans
 c - a beast talisman
Wands
 k - a wand of flame (47)
Scrolls
 a - a scroll of teleportation
 b - a scroll of amnesia
 f - a scroll of poison
 i - 2 scrolls of enchant armour
 r - a scroll of revelation
Potions
 g - a potion of haste {unknown}
 h - a potion of might {unknown}
 p - a potion of mutation {unknown}
 q - a potion of curing {unknown}


   Skills:
 + Level 5.2(10.2) Fighting
 + Level 6.0(11.0) Dodging
 + Level 13.1(18.1) Unarmed Combat
 - Level 3.6 Shapeshifting


You had 9 spell levels left.
You didn't know any spells.
Your spell library contained the following spells:

 Spells                   Type           Power      Damage    Failure   Level
 Sting                    Tmut/Pois      0%         1d3       73%         1
 Poisonous Vapours        Pois/Air       0%         N/A       86%         2
 Inner Flame              Hex/Fire       0%         N/A       97%         3
 Flame Wave               Conj/Fire      0%         2d4       100%        4
 Olgreb's Toxic Radiance  Pois           0%         N/A       100%        4
 Sticky Flame             Conj/Fire      0%         2d3       100%        4


Dungeon Overview and Level Annotations

Branches:
Dungeon (7/15) Zot: 2192   Temple (1/1) D:6 Zot: 532  Bailey (1/1) Zot: 515

Altars:
Ashenzari
Cheibriados
Dithmenos
Fedhas
Gozag
Hepliaklqana
Kikubaaqudgha
Makhleb
Nemelex Xobeh
Okawaru
Ru
Sif Muna
Uskayaw
Vehumet
Wu Jian
Xom
Yredelemnul

Shops:
D:4 !

Annotations:
D:5 2 transporters, otakuarchivist's ghost, novice TrBe
D:7 3 runed translucent doors, Brisketman's ghost, novice MfGl


Innate Abilities, Weirdness & Mutations

You are a hulking beast.
Your limbs bulge with bestial killing power. (Slay +2)
You passively map the area around you.
You are easily found by Zot.
You glow in the dark.
You regain HP and MP as you explore.


Message History

You gain the combat prowess of a mighty hero.
The spriggan hits you but does no damage.
You block the ogre's attack.
You miss the spriggan.
The spriggan hits you with a +0 trident.
You hit the spriggan.
The spriggan is moderately wounded.
A steam dragon comes into view.
You block the spriggan's attack.
The ogre hits you from afar with a +0 halberd!!
* * * LOW HITPOINT WARNING * * *
You hear two shouts!
The steam dragon hisses angrily.
You hear a shout!
You completely miss the spriggan.
The spriggan is moderately wounded.
You barely miss the spriggan.
The spriggan is moderately wounded.
The spriggan barely misses you.
The ogre hits you from afar with a +0 halberd!!
* * * LOW HITPOINT WARNING * * *
You hear a shout!
You barely miss the spriggan.
The spriggan is moderately wounded.
An ogre comes into view. It is wielding a +0 halberd.
The spriggan hits you with a +0 trident!
* * * LOW HITPOINT WARNING * * *
You closely miss the spriggan.
The spriggan is moderately wounded.
Unknown command.
You miss the spriggan.
The spriggan is moderately wounded.
The ogre closely misses you. You block the spriggan's attack.
You punch the spriggan!
The spriggan is almost dead.
The steam dragon barely misses you. The steam dragon claws you.
* * * LOW HITPOINT WARNING * * *
You block the spriggan's attack.
You closely miss the spriggan.
The spriggan is almost dead.
The ogre hits you from afar with a +0 halberd!!
You die...

##..♣# ##..## #..##
,,##..# #..# , *
,,#..# #..# * ,
,,#))# #..# ~ #).#
#..#. * , , .#..#
#..#.. *, **..#..#
#..♣#..♣♣♣♣♣..♣#..#
##..♣♣OihDO..##..##
##..####~♣###).##
##....~~~....##
##.........##
##.......##
#########


You could see a steam dragon, 2 ogres and a spriggan.

Vanquished Creatures
  Sigmund (D:2)
  2 spriggans (Bailey)
  Eustachio (D:4)
  A wraith (D:7)
  A steam dragon (D:7)
  An orc warrior (D:6)
  2 black bears
  A sky beast (D:7)
  An ice beast (Temple)
  2 ogres (Bailey)
  A phantom (D:5)
  2 bullfrogs
  2 scorpions
  A killer bee (D:7)
  A howler monkey (D:6)
  3 hounds
  4 orc priests
  3 sleepcaps
  Jessica (D:2)
  2 iguanas
  5 orc wizards
  An adder (D:4)
  2 shadow imps
  A white imp (D:7)
  4 worms
  2 dart slugs (D:3)
  14 orcs
  3 bats
  7 endoplasms
  A giant cockroach (D:2)
  4 goblins
  7 hobgoblins
  8 jackals
  3 quokkas
  5 ball pythons
  2 kobolds
  5 rats
107 creatures vanquished.

Notes
Turn   | Place    | Note
-------+----------+-------------------------------------------
     0 | D:1      | lunkers the Meteoran Shapeshifter began the quest for the
                  | Orb.
     0 | D:1      | Reached XP level 1. HP: 16/16 MP: 2/2
    52 | D:1      | Reached skill level 4 in Unarmed Combat
    63 | D:1      | Reached XP level 2. HP: 23/23 MP: 3/3
   191 | D:2      | Reached XP level 3. HP: 23/28 MP: 4/4
   199 | D:2      | Noticed Sigmund
   215 | D:2      | Killed Sigmund
   216 | D:2      | Reached skill level 7 in Unarmed Combat
   216 | D:2      | Reached XP level 4. HP: 35/35 MP: 5/5
   216 | D:2      | Reached XP level 5. HP: 40/40 MP: 6/6
   216 | D:2      | Reached XP level 6. HP: 47/47 MP: 7/7
   323 | D:2      | Noticed Jessica
   329 | D:2      | Killed Jessica
   428 | D:3      | Identified a scroll of acquirement
   428 | D:3      | Acquired a manual of Armour
   770 | D:3      | Reached skill level 8 in Unarmed Combat
   988 | D:4      | Noticed Eustachio
  1017 | D:4      | Killed Eustachio
  1018 | D:4      | Reached XP level 7. HP: 21/52 MP: 8/8
  1049 | D:4      | Found an ornate altar of the Wu Jian Council.
  1057 | D:4      | Reached skill level 9 in Unarmed Combat
  1117 | D:4      | Found Soblusm's Distillery.
  1210 | D:5      | Entered Level 5 of the Dungeon
  1424 | D:5      | Reached skill level 10 in Unarmed Combat
  1424 | D:5      | Reached XP level 8. HP: 48/59 MP: 9/9
  1465 | D:5      | Reached skill level 11 in Unarmed Combat
  1485 | D:5      | Found a transporter.
  1485 | D:5      | Noticed otakuarchivist's ghost (novice TrBe)
  1486 | D:5      | Found a transporter.
  1657 | D:6      | Reached skill level 12 in Unarmed Combat
  1658 | D:6      | Identified the +6 dagger "Tevuga" {speed, rElec rF++ Dex-3}
  1681 | D:6      | Found a staircase to the Ecumenical Temple.
  1684 | D:6      | Gained mutation: You passively map the area around you.
                  | [Meteoran growth]
  1684 | D:6      | Reached XP level 9. HP: 57/64 MP: 10/10
  1713 | Temple   | Entered the Ecumenical Temple
  1757 | Temple   | Became a worshipper of Warmaster Okawaru
  1784 | D:6      | HP: 3/68 [orc priest/divine providence (13)]
  2025 | D:7      | Reached skill level 5 in Dodging
  2049 | D:7      | Found a runed translucent gate.
  2049 | D:7      | Found a runed translucent gate.
  2049 | D:7      | Found an opulent altar of Gozag.
  2049 | D:7      | Found a runed translucent gate.
  2050 | D:7      | Noticed Brisketman's ghost (novice MfGl)
  2112 | D:7      | Found a flagged portal.
  2121 | Bailey   | Entered a bailey
  2142 | Bailey   | Reached * piety under Okawaru
  2153 | Bailey   | Reached skill level 13 in Unarmed Combat
  2153 | Bailey   | Reached XP level 10. HP: 45/80 MP: 11/11
  2160 | Bailey   | Reached skill level 5 in Fighting
  2204 | Bailey   | HP: 2/81 [spriggan/+0 trident (13)]
  2208 | Bailey   | Demolished by an ogre

Illustrated notes

Levels and vault maps discovered:
D:1:      ncdulo_lavacross, layout_loops_ring, lemuel_flame_loot_1
D:2:      layout_rooms, uniq_jessica, uniq_terence, uniq_sigmund
D:3:      layout_basic, reono_crystal_passage, nicolae_wormholes
D:4:      layout_cave_pools, mainiacjoe_overflow_cross_hatched, serial_shops,
          shop, nicolae_hexahallways, minmay_misc_feat_pillars, uniq_grinder,
          uniq_eustachio, uniq_ijyb, uniq_duvessa
D:5:      layout_rooms, gammafunk_ghost_hive, glass_columns_a
D:6:      layout_cave_pools, minmay_temple_entry_glass,
          chequers_serial_rivers_micro_c
D:7:      layout_loops_ring, good_gods_mini_temple, overflow_temple_1_default,
          ebering_ghost_gozag, enter_bailey_8, st_stairs_5, kennysheep_doodads,
          chequers_mini_garden
Temple:   hellmonk_temple_of_storms
Bailey:   bailey_polearm_enchanted_keep_hellmonk, bailey

Skill      XL: |  1  2  3  4  5  6  7  8  9 10 |
---------------+-------------------------------+-----
Unarmed Combat | 4 7 8 10 12 13 | 13.1
Dodging        | 5 6 |  6.0
Fighting       | 4 5 |  5.2
Shapeshifting  | |  3.6

Action                     |  1- 3 |  4- 6 |  7- 9 | 10-12 || total
---------------------------+-------+-------+-------+-------++-------
  Melee: Unarmed           |    41 |    70 |   196 |    11 ||   318
         Punch             |       |     5 |    17 |       ||    22
 Invoke: Heroism           |       |       |       |     1 ||     1
    Use: Potion            |     1 |       |     1 |       ||     2
         Scroll            |       |     3 |     4 |       ||     7
 Armour: Ring mail         |    13 |     2 |       |       ||    15
         Skin              |     1 |       |       |       ||     1
         Scale mail        |       |    33 |    69 |     2 ||   104
  Dodge: Dodged            |    26 |    42 |    76 |     6 ||   150
  Block: Other             |       |       |    36 |     4 ||    40

Table legend: (Time is in decaauts)
 A = Elapsed time spent in this place.
 B = Non-inter-level travel time spent in this place.
 C = Inter-level travel time spent in this place.
 D = Time resting spent in this place.
 E = Time spent auto-exploring this place.
 F = Levels seen in this place.
 G = Mean time per level.
                   A        B        C        D        E       F      G
               +--------+--------+--------+--------+--------+-----+--------+
         Total |   2159 |   2012 |    147 |     24 |    951 |   9 |  239.9 |
       Dungeon |   2007 |   1860 |    147 |     24 |    935 |   7 |  286.7 |
        Temple |     67 |     67 |      0 |      0 |      0 |   1 |   67.0 |
        Bailey |     83 |     83 |      0 |      0 |     16 |   1 |   83.0 |
               +--------+--------+--------+--------+--------+-----+--------+

Top non-repeatable levels by time:
     D:3: 517 daAuts
     D:5: 334 daAuts
     D:2: 300 daAuts
     D:6: 286 daAuts
     D:4: 217 daAuts
     D:7: 194 daAuts
     D:1: 158 daAuts
  Bailey: 83 daAuts
  Temple: 67 daAuts
